 Dungeon Crawl Stone Soup version 0.22-a0-247-gbddf880 (webtiles) character file.

113 Amnesiac the Charlatan (level 4, -2/25 HPs)
             Began as a Deep Elf Artificer on Feb 24, 2018.
             Killed themself with a badly aimed fireball (18 damage)
             ... on level 4 of the Dungeon.
             The game lasted 00:06:06 (3728 turns).

Amnesiac the Charlatan (Deep Elf Artificer)         Turns: 3728, Time: 00:06:07

Health: -2/25      AC: 11    Str: 10    XL:     4   Next: 65%
Magic:  9/9        EV:  0    Int: 16    God:
Gold:   165        SH:  7    Dex: 15    Spells: 3/3 levels left

rFire    . . .     SeeInvis .   b - +0 short sword (speed)
rCold    . . .     Gourm    +   l - +0 shield
rNeg     . . .     Faith    .   i - +0 plate armour
rPois    .         Spirit   .   s - +0 helmet
rElec    .         Reflect  .   (no cloak)
rCorr    .         Harm     .   (no gloves)
MR       .....                  (no boots)
Stlth    ..........             t - amulet of the gourmand
HPRegen  0.08/turn              (no ring)
MPRegen  0.11/turn              (no ring)

@: no status effects
A: no striking features
a: no special abilities


You were on level 4 of the Dungeon.
You were not hungry.

You visited 1 branch of the dungeon, and saw 4 of its levels.

You collected 165 gold pieces.

Inventory:

Hand Weapons
 a - a +0 hunting sling
 b - a +0 short sword of speed (weapon)
Missiles
 r - 55 stones (quivered)
 u - 13 sling bullets
Armour
 i - a +0 plate armour (worn)
 l - a +0 shield (worn)
 s - a +0 helmet (worn)
Jewellery
 t - an amulet of the gourmand (around neck)
Wands
 c - a wand of flame (10)
 d - a wand of enslavement (15)
 e - a wand of random effects (14)
Scrolls
 g - a scroll of noise {!r, unknown}
 k - 4 scrolls of identify {!r, unknown}
 o - a scroll of amnesia {!r, unknown}
 p - a scroll of blinking {!r, unknown}
 q - 10 scrolls of teleportation {!r, unknown}
 v - a scroll of random uselessness {!r, unknown}
 w - a scroll of magic mapping {!r, unknown}
Potions
 h - 3 potions of curing {!q, unknown}
 j - a potion of haste {!q, unknown}
 m - a potion of cancellation {!q, unknown}
 n - a potion of invisibility {!q, unknown}
Comestibles
 f - 9 rations


   Skills:
 + Level 1.5 Fighting
 + Level 1.3 Short Blades
 + Level 1.4 Armour
 - Level 2.4 Dodging
 + Level 1.6 Stealth
 + Level 1.5 Shields
 * Level 4.2 Evocations


You had 3 spell levels left.
You didn't know any spells.

Dungeon Overview and Level Annotations

Branches:
Dungeon (4/15)
 Temple: D:4-7

Altars:
Dithmenos
Makhleb
Nemelex Xobeh
Okawaru
Qazlal
Ru
Uskayaw
Wu Jian


Message History

You feel sick.
You start resting.
You feel sick. x2
You are no longer poisoned.
You start resting.
HP restored.
Found an ornate altar of the Wu Jian Council.
Found a ration.
You start resting.
HP restored.
f - 9 rations (gained 1)
j - a bubbling puce potion {!q}
Found a mace.
You see here a mace.
w - a scroll labeled UFIALU HIWOSS {!r}
Found a stone staircase leading down.
An adder comes into view.
An adder is nearby!
An adder comes into view.
The adder hisses angrily.
You closely miss the adder. The adder bites you.
Your shield and plate armour prevent you from hitting the adder.
The adder bites you but does no damage.
A hound comes into view.
Your plate armour prevents you from hitting the adder.
The hound barks!
The adder bites you but does no damage. You block the adder's attack.
The adder bites you but does no damage. You block the adder's attack.
Found a fizzy inky potion.
The adder bites you but does no damage. The adder bites you but does no damage.
A hound comes into view.
The hound bites you. The hound bites you but does no damage.
The hound bites you. The adder bites you.
The hound bites you but does no damage.
Your shield and plate armour prevent you from hitting the hound.
The hound bites you but does no damage.
Your plate armour prevents you from hitting the hound.
The hound bites you but does no damage.
You closely miss the hound. You block the hound's attack.
Your plate armour prevents you from hitting the hound.
The hound bites you but does no damage.
You closely miss the hound. You block the hound's attack.
The hound bites you but does no damage.
Your shield and plate armour prevent you from hitting the hound.
The hound bites you.
Evoke which item? (* to show all) (? for menu, Esc to quit)
Aiming: Random Effects
Press: ? - help, Shift-Dir - straight line, f - hound
Aim: a hound The puff of frost hits the hound.
The hound is moderately wounded.
The hound bites you but does no damage.
Evoke which item? (* to show all) (? for menu, Esc to quit)
Aiming: Random Effects
Press: ? - help, Shift-Dir - straight line, f/p - hound
Aim: a hound (moderately wounded)
The fireball explodes!
The fireball engulfs the hound.
The hound is almost dead.
The fireball engulfs you!
Ouch! That really hurt!
You die...

# .#.#.#.#### #
.....#..... # ##
#..###### # ..#
#........ # #####.#
#...#.### #
!.##.###...#.).#
#.##..##.....#.#
#####S.............#
#..@hS.............#
#.####.............#
# ####.............#
..................#
..................#
........../........#
...................#
...................#
.h.................#


You could see a hound and 2 adders.

Vanquished Creatures
  3 adders
  2 oozes
  2 worms
  A dart slug (D:3)
  3 orcs (D:3)
  4 giant cockroaches
  8 hobgoblins
  11 kobolds
  3 quokkas
  6 bats
  5 frilled lizards
  9 goblins
  A leopard gecko zombie (D:4)
  13 rats
71 creatures vanquished.

Notes
Turn   | Place    | Note
-------+----------+-------------------------------------------
     0 | D:1      | Amnesiac the Deep Elf Artificer began the quest for the Orb.
     0 | D:1      | Reached XP level 1. HP: 11/11 MP: 5/5
   405 | D:1      | Reached XP level 2. HP: 10/16 MP: 6/6
   481 | D:1      | Reached skill level 1 in Fighting
   486 | D:1      | Reached skill level 1 in Armour
   792 | D:1      | Reached skill level 1 in Shields
  1131 | D:2      | Reached XP level 3. HP: 16/20 MP: 7/7
  2035 | D:2      | Reached skill level 4 in Evocations
  2367 | D:3      | Reached XP level 4. HP: 25/25 MP: 9/9
  2587 | D:3      | Found a sacrificial altar of Ru.
  2587 | D:3      | Found a burning altar of Makhleb.
  2588 | D:3      | Found a hide-covered altar of Uskayaw.
  2616 | D:3      | Found a sparkling altar of Nemelex Xobeh.
  2644 | D:3      | Found an iron altar of Okawaru.
  2644 | D:3      | Found a shadowy altar of Dithmenos.
  2647 | D:3      | Found a stormy altar of Qazlal.
  3231 | D:3      | Found a faded altar of an unknown god.
  3620 | D:4      | Found an ornate altar of the Wu Jian Council.
  3728 | D:4      | Killed themself with a badly aimed fireball

Vault maps used:
D:1:      minmay_arrival_three_doors
D:3:      grunt_temple_overflow_open, chequers_ecumenical_altar_lobes
D:4:      nicolae_overflow_crystal_walls, serial_shops, shop_statue

Skill      XL: |  1  2  3 |
---------------+----------+-----
Fighting       | 1 |  1.5
Armour         | 1 |  1.4
Shields        | 1 |  1.5
Evocations     | 4 |  4.2
Short Blades   | |  1.3
Dodging        | |  2.4
Stealth        | |  1.6

Action                   |  1- 3 |  4- 6 || total
-------------------------+-------+-------++-------
Melee: Short sword       |   197 |   176 ||   373
 Fire: Hunting sling     |    90 |    21 ||   111
Evoke: Wand              |     3 |     3 ||     6
 Stab: Sleeping          |     1 |       ||     1
  Eat: Chunk             |     5 |     9 ||    14
Armor: Plate armour      |   184 |   146 ||   330
       Leather armour    |     5 |       ||     5
Dodge: Dodged            |    11 |     6 ||    17
Block: Shield            |    94 |    71 ||   165

Table legend:
 A = Spawn XP
 B = Non-spawn XP
 C = Spawn XP percentage of total XP
 D = Spawn monster count
 E = Non-spawn monster count
 F = Spawn count percentage of total count
 G = Total turns spent on level
                    A         B        C        D         E        F      G
               +---------+---------+-------+---------+---------+-------+---------
         Total |       0 |     162 |   0.0 |       0 |      71 |   0.0 |  3728
               +---------+---------+-------+---------+---------+-------+---------
           D:1 |       0 |      33 |   0.0 |       0 |      20 |   0.0 |   945
           D:2 |       0 |      63 |   0.0 |       0 |      29 |   0.0 |  1388
           D:3 |       0 |      52 |   0.0 |       0 |      20 |   0.0 |  1014
           D:4 |       0 |      14 |   0.0 |       0 |       2 |   0.0 |   381
               +---------+---------+-------+---------+---------+-------+---------
